Map: Curious Minds LE

Players

RagnaroK (SHIN)

  • Race: Zerg Zerg
  • League: Master

Trap - Winner!

  • Race: Protoss Protoss

Event: TSL 8

VOD

Have the link to the VOD?

Description

Time

  • Played on: Dec. 11, 2021, 10:16 a.m.
  • Length: 9:28

All games in this series

Show
View Real Time Build Order
Export as new Build Order

RagnaroK Zerg 

Build Orders: Hatch First 

Get SALT Encoding   

  12  0:00  Drone  
  13  0:12  Overlord  
  13  0:17  Drone  
  14  0:30  Drone  
  14  0:31  Drone  
  16  0:45  Drone x2  
  18  0:55  Hatchery  
  17  0:57  Drone  
  18  1:06  Drone  
  18  1:09  Extractor  
  18  1:15  Spawning Pool  
  17  1:21  Drone  
  18  1:28  Drone  
  19  1:39  Drone  
  20  1:50  Drone  
  21  2:01  Drone  
  22  2:06  Queen  
  22  2:07  Queen  
  22  2:08  Zergling x2  
  27  2:10  Metabolic Boost  
  27  2:12  Zergling x2  
  28  2:25  Hatchery  
  27  2:30  Overlord  
  27  2:34  Drone  
  28  2:47  Overlord  
  28  2:49  Drone x3  
  31  2:54  Queen  
  31  2:58  Drone  
  34  3:01  Drone  
  34  3:03  Drone  
  36  3:10  Queen  
  38  3:14  Drone  
  38  3:15  Drone  
  38  3:16  Drone  
  41  3:21  Drone x2  
  43  3:29  Drone  
  43  3:30  Overlord  
  44  3:36  Queen  
  44  3:37  Overlord  
  44  3:38  Drone  
  44  3:39  Drone  
  48  3:47  Drone x2  
  50  3:48  Overlord  
  50  3:49  Drone  
  50  3:50  Drone  
  50  3:52  Drone  
  53  4:00  Roach Warren  
  52  4:05  Zergling x10  
  57  4:10  Zergling x8  
  61  4:19  Overlord  
  61  4:20  Zergling x4, Overlord  
  61  4:21  Zergling x2  
  64  4:26  Spore Crawler  
  64  4:28  Spore Crawler  
  64  4:29  Spore Crawler  
  61  4:31  Drone  
  62  4:40  Roach x5  
  62  4:45  Roach x2  
  76  4:49  Roach x2  
  76  4:51  Overlord  
  80  4:57  Overlord  
  80  5:05  Roach  
  82  5:08  Extractor  
  82  5:12  Drone x2  
  82  5:13  Drone  
  84  5:17  Roach x3  
  84  5:19  Drone x5  
  95  5:21  Drone  
  96  5:29  Overlord  
  96  5:31  Overlord  
  96  5:33  Overlord  
  96  5:35  Lair  
  93  5:44  Overlord  
  93  5:48  Drone x5  
  93  5:49  Drone  
  98  5:51  Drone x4  
  98  5:56  Queen  
  104  5:59  Queen  
  104  6:00  Drone  
  107  6:04  Drone  
  107  6:05  Drone x2  
  107  6:06  Drone  
  107  6:10  Extractor x2  
  108  6:11  Drone  
  108  6:12  Drone x2  
  111  6:20  Extractor  
  111  6:21  Drone x2, Overlord  
  111  6:22  Extractor  
  109  6:25  Drone  
  109  6:26  Drone  
  109  6:31  Roach x3  
  109  6:32  Queen  
  119  6:34  Zergling x2, Roach  
  119  6:40  Roach x3  
  119  6:41  Roach  
  119  6:45  Roach  
  119  6:46  Roach  
  122  6:49  Roach  
  122  6:51  Roach  
  121  6:57  Roach x2  
  121  6:58  Roach  
  114  7:02  Glial Reconstitution  
  114  7:04  Roach  
  105  7:11  Zergling x2  
  106  7:16  Zergling x2, Roach  
  106  7:17  Zergling x4  
  106  7:20  Hatchery  
  99  7:23  Roach x2  
  97  7:33  Roach  
  97  7:34  Roach  
  88  7:46  Drone x4  
  88  7:50  Evolution Chamber  
  91  7:51  Queen  
  91  7:53  Drone x2  
  91  7:54  Drone  
  96  7:59  Ravager x4  
  96  8:04  Zergling x2  
  96  8:05  Zergling x6  
  104  8:12  Ravager x2  
  106  8:13  Overlord  
  106  8:15  Roach  
  106  8:16  Zergling x2  
  108  8:23  Roach x2  
  108  8:24  Roach  
  113  8:28  Ravager  
  113  8:29  Zergling x6  
  117  8:34  Roach  
  117  8:35  Zergling x2  
  117  8:36  Ravager  
  117  8:39  Roach  
  121  8:43  Ravager  
  121  8:44  Zergling x4  
  126  8:48  Roach  
  126  8:54  Zergling x4, Roach  
Show
View Real Time Build Order
Export as new Build Order

Trap Protoss - Winner!

Build Orders: 1 Gate Expand, Mass Adepts 

Get SALT Encoding   

  12  0:00  Probe  
  13  0:14  Pylon  
  13  0:17  Probe (Chrono Boost)  
  14  0:26  Probe (Chrono Boost)  
  15  0:31  Probe (Chrono Boost)  
  16  0:41  Gateway  
  16  0:43  Probe  
  16  0:49  Assimilator  
  17  0:55  Probe  
  18  1:08  Probe  
  19  1:20  Probe  
  20  1:25  Nexus  
  20  1:36  Cybernetics Core  
  20  1:38  Probe  
  21  1:43  Assimilator  
  21  1:50  Probe  
  21  1:53  Pylon  
  22  2:02  Probe (Chrono Boost)  
  23  2:12  Adept  
  23  2:13  Warp Gate  
  23  2:14  Probe (Chrono Boost)  
  26  2:22  Probe (Chrono Boost)  
  27  2:24  Twilight Council  
  27  2:30  Probe (Chrono Boost)  
  28  2:38  Probe (Chrono Boost)  
  28  2:42  Stalker  
  32  2:46  Probe (Chrono Boost)  
  32  2:47  Probe (Chrono Boost)  
  33  2:52  Robotics Facility  
  33  2:54  Probe  
  33  2:57  Probe  
  35  3:02  Gateway  
  35  3:06  Probe  
  35  3:08  Resonating Glaives (Chrono Boost)  
  35  3:09  Probe  
  37  3:18  Probe  
  38  3:21  Adept, Probe  
  41  3:31  Gateway  
  41  3:32  Gateway  
  41  3:36  Warp Prism (Chrono Boost)  
  43  3:41  Probe  
  43  3:43  Probe  
  45  3:50  Pylon  
  45  3:53  Pylon  
  45  4:00  Probe  
  46  4:05  Assimilator  
  46  4:08  Adept x2, Probe  
  52  4:10  Observer  
  52  4:15  Pylon  
  52  4:18  Probe  
  52  4:20  Probe  
  54  4:30  Adept x4  
  62  4:34  Immortal  
  66  4:44  Pylon  
  66  4:50  Adept  
  66  4:51  Adept  
  70  5:10  Immortal (Chrono Boost)  
  70  5:12  Nexus  
  74  5:16  Pylon  
  74  5:29  Pylon  
  74  5:32  Pylon  
  74  5:35  Adept x4  
  74  5:39  Immortal (Chrono Boost)  
  86  5:46  Probe x2  
  86  5:49  Shield Battery  
  84  5:54  Shield Battery  
  84  6:00  Probe  
  85  6:07  Adept  
  85  6:08  Adept x3  
  93  6:11  Pylon  
  93  6:13  Assimilator  
  93  6:20  Probe x2, Forge  
  91  6:34  Adept x4  
  99  6:49  Probe x3  
  102  6:54  Gateway x2  
  102  6:59  Adept  
  102  7:00  Adept x3  
  94  7:06  Protoss Ground Weapons Level 1 (Chrono Boost)  
  92  7:09  Immortal (Chrono Boost), Probe x3  
  87  7:27  Adept x4  
  87  7:31  Blink (Chrono Boost)  
  87  7:32  Adept x4  
  93  7:38  Probe x3  
  93  7:40  Immortal (Chrono Boost)  
  100  7:47  Pylon  
  100  7:48  Pylon  
  100  7:53  Sentry x4  
  100  7:57  Zealot  
  100  7:58  Stalker  
  112  8:02  Gateway  
  112  8:04  Gateway  
  112  8:08  Probe  
  112  8:09  Probe x2  
  115  8:22  Stalker x4  
  123  8:30  Probe x3  
  123  8:31  Shield Battery  
  122  8:35  Shield Battery  
  122  8:46  Stalker x5  
  132  8:52  Pylon  
  132  8:54  Pylon  
  132  8:57  Zealot x2  
Tags
 
Add a new tag
Caveats
  • Supply blocks, unpowered buildings, or Contaminate may cause inaccurate times.
  • Supply counts are checked every 10 seconds.